 Dungeon Crawl Stone Soup version 0.31-a0-152-g6aa68a64a1 (webtiles) character file.

Game seed: 14593017782694666408

5733 qw the Skirmisher (level 10, -1/96 HPs)
             Began as a Naga Hunter on June 9, 2023.
             Slain by a kobold
             ... wielding a +0 short sword
              (2 damage)
             ... on level 9 of the Dungeon.
             The game lasted 00:03:29 (8435 turns).

qw the Skirmisher (Naga Hunter)                     Turns: 8435, Time: 00:03:30

Health: -1/96      AC: 15    Str: 14    XL:     10   Next: 77%
Magic:  10/10      EV:  9    Int: 10    God:
Gold:   403        SH:  0    Dex: 18    Spells: 9/9 levels left

rFire   + . .        Y - +1 orcbow
rCold   . . .        (shield currently unavailable)
rNeg    . . .        h - +0 leather armour {rF+}
rPois   +            m - +0 helmet
rElec   .            (no cloak)
rCorr   .            (no gloves)
SInv    +            g - +0 barding
Will    ++...        (no amulet)
Stlth   ++           n - ring of willpower
HPRegen 0.36/turn    c - +4 ring of protection
MPRegen 0.12/turn

%: no passive effects
@: about to teleport, short of breath, very slow
A: AC +3, large, see invisible, deformed body, poison resistance, slowness 2,
spit poison 1, naga tail 1
a: Spit Poison


You were on level 9 of the Dungeon.
You visited 2 branches of the dungeon, and saw 10 of its levels.
You also visited: Ossuary.

You collected 445 gold pieces.
You spent 42 gold pieces at shops.


Innate Abilities, Weirdness & Mutations

Your serpentine skin is tough. (AC +3)
You have supernaturally acute eyesight. (SInv)
Armour fits poorly on your strangely shaped body.
Your system is resistant to poisons. (rPois)
You cover ground very slowly.
You can spit poison.
You have a snake-like lower body.


   Skills:
 - Level 8.0 Fighting
 + Level 11.8 Ranged Weapons
 - Level 3.3 Armour
 - Level 4.0 Dodging
 - Level 1.5 Stealth


You had 9 spell levels left.
You didn't know any spells.
Your spell library was empty.

Inventory:

Hand Weapons
 Y - a +1 orcbow (weapon)
Armour
 g - a +0 barding (worn)
 h - a +0 leather armour of fire resistance (worn)
 m - a +0 helmet (worn)
Jewellery
 c - a +4 ring of protection (right hand)
 l - a +6 ring of strength
 n - a ring of willpower (left hand)
 o - a ring of ice
Scrolls
 i - 3 scrolls of teleportation
 p - a scroll of identify
Potions
 a - 2 potions of mutation
 b - 2 potions of cancellation
 d - 2 potions of might
 f - a potion of resistance
 j - a potion of haste
 k - 5 potions of curing

Dungeon Overview and Level Annotations

Branches:
Dungeon (9/15)             Temple (1/1) D:6            Lair (0/5) D:9
Ossuary (visited)
    Orc: D:9-12

Altars:
Ashenzari
Cheibriados
Dithmenos
Elyvilon
Fedhas
Hepliaklqana
Kikubaaqudgha
Makhleb
Nemelex Xobeh
Qazlal
Ru
Sif Muna
Trog
Uskayaw
Vehumet
Wu Jian
Xom
Yredelemnul
Zin

Shops:
D:2 ?

Annotations:
D:7 2 transporters, Grum; qw's ghost, novice GrFi
D:9 4 transporters


Message History

You shoot an arrow. The arrow closely misses the yak.
The yak gores you! The yak closely misses you. The yak gores you.
The yak gores you but does no damage. The kobold hits you but does no damage.
You shoot an arrow. The arrow hits the yak!
You kill the yak!
The yak misses you. The yak gores you but does no damage.
The kobold closely misses you. The yak closely misses you.
You shoot an arrow. The arrow completely misses the yak.
The yak gores you but does no damage. The yak completely misses you.
The yak gores you. The kobold barely misses you.
You shoot an arrow. The arrow hits the yak!
The yak is moderately wounded.
The yak closely misses you. The yak gores you!
The yak gores you but does no damage. The kobold hits you but does no damage.
You shoot an arrow. The arrow hits the yak!
The yak is heavily wounded.
You have got your breath back.
The yak gores you but does no damage. The yak gores you! x2
The kobold misses you.
8432 ||| READING 4 scrolls of teleportation.
As you read the scroll of teleportation, it crumbles to dust.
You feel strangely unstable. The yak gores you! The yak barely misses you.
The yak gores you but does no damage. The kobold hits you but does no damage.
8433 ||| DRINKING potion of heal wounds.
You feel much better. The yak gores you.
The yak gores you but does no damage. x2
The kobold closely misses you.
8434 ||| INVOKING Spit Poison.
Aiming: Spit Poison (1% risk of failure)
Press: ? - help, Shift-Dir - straight line, f/p - yak The splash of poison hits the yak!
The yak is poisoned.
The yak is severely wounded.
The yak gores you but does no damage. The yak closely misses you.
The yak gores you. The kobold barely misses you.
You shoot an arrow. The arrow hits the yak!
You kill the yak!
The yak gores you. x2
The kobold hits you with a +0 short sword.
You die...

#........#......
#..#####.#...P.P
#..#####.#.P..PP
##........##..P.P
##.........###P...
#..........#.....P
##.##.......#......
###^%K#.......#......
#...@)).......#......
#.#.YY#.......#......
#.##.##)......#......
# ... .......#######
##.. .Y. #.


KKY .. .. You could see 2 yaks and a kobold.

Vanquished Creatures
  A hornet (D:6)
  Grinder (D:6)
  Sigmund (D:6)
  7 yaks (D:9)
  3 steam dragons
  4 water moccasins
  An orc warrior (D:9)
  A black bear (D:9)
  An ice beast (D:6)
  A sky beast (D:7)
  3 ogres
  5 centaurs
  2 elf zombies (Ossuary)
  2 kobold brigands
  8 bullfrogs
  A scorpion (D:7)
  8 wights
  10 killer bees
  A howler monkey (D:6)
  4 hounds
  2 orc priests (D:4)
  2 jellies
  A sleepcap (D:3)
  A human zombie (Ossuary)
  3 iguanas
  3 orc wizards
  2 hound zombies (Ossuary)
  4 mummies (Ossuary)
  7 adders
  3 shadow imps
  2 white imps
  2 ufetubi
  A worm zombie (D:6)
  2 adder zombies (Ossuary)
  A worm (D:2)
  23 orcs
  5 ball pythons
  7 endoplasms
  4 giant cockroaches
  9 hobgoblins
  12 kobolds
  6 quokkas
  7 bats
  4 frilled lizards
  9 goblins
  2 goblin zombies (Ossuary)
  A hobgoblin zombie (D:6)
  A jackal zombie (Ossuary)
  A kobold zombie (Ossuary)
  5 rats
  A rat zombie (Ossuary)
198 creatures vanquished.

Vanquished Creatures (others)
  A human (D:6)
1 creature vanquished.

Grand Total: 199 creatures vanquished

Notes
Turn   | Place    | Note
-------+----------+-------------------------------------------
     0 | D:1      | qw the Naga Hunter began the quest for the Orb.
     0 | D:1      | Reached XP level 1. HP: 19/19 MP: 1/1
     0 | D:1      | 0 ||| qw: Version: 0.2-a-122-gbc61b45
     0 | D:1      | 0 ||| qw: Game counter: 3380
     0 | D:1      | 0 ||| qw: Always use a shield: true
     0 | D:1      | 0 ||| qw: God list: Okawaru
     0 | D:1      | 0 ||| qw: Allow faded altars: false
     0 | D:1      | 0 ||| qw: Do Orc after D:15 true
     0 | D:1      | 0 ||| qw: Do second Lair branch before Depths: true
     0 | D:1      | 0 ||| qw: Lair rune preference: random
     0 | D:1      | 0 ||| qw: Plans: Normal
     0 | D:1      | 0 ||| PLANNING D:1-11
    11 | D:1      | 11 ||| INVOKING Spit Poison.
    48 | D:1      | 48 ||| INVOKING Spit Poison.
    74 | D:1      | 74 ||| INVOKING Spit Poison.
   109 | D:1      | 109 ||| INVOKING Spit Poison.
   113 | D:1      | 113 ||| INVOKING Spit Poison.
   116 | D:1      | 116 ||| INVOKING Spit Poison.
   119 | D:1      | 119 ||| INVOKING Spit Poison.
   157 | D:1      | 157 ||| INVOKING Spit Poison.
   161 | D:1      | Reached skill level 4 in Ranged Weapons
   161 | D:1      | Reached XP level 2. HP: 26/26 MP: 2/2
   173 | D:1      | 173 ||| INVOKING Spit Poison.
   186 | D:1      | 186 ||| INVOKING Spit Poison.
   193 | D:1      | 193 ||| INVOKING Spit Poison.
   195 | D:1      | You fall into a shaft and drop 1 floor!
   207 | D:2      | 207 ||| INVOKING Spit Poison.
   208 | D:2      | 208 ||| INVOKING Spit Poison.
   283 | D:2      | 283 ||| INVOKING Spit Poison.
   302 | D:2      | 302 ||| INVOKING Spit Poison.
   374 | D:2      | 374 ||| UPGRADING to ring of resist corrosion.
   375 | D:2      | 375 ||| READING scroll labelled YQOS JOMIWKO.
   376 | D:2      | 376 ||| DROPPING scroll of butterflies.
   393 | D:1      | Found a faded altar of an unknown god.
   404 | D:1      | 404 ||| INVOKING Spit Poison.
   408 | D:1      | 408 ||| INVOKING Spit Poison.
   461 | D:1      | 461 ||| INVOKING Spit Poison.
   462 | D:1      | Reached XP level 3. HP: 32/32 MP: 3/3
   477 | D:1      | 477 ||| INVOKING Spit Poison.
   500 | D:1      | 500 ||| INVOKING Spit Poison.
   509 | D:1      | 509 ||| INVOKING Spit Poison.
   525 | D:1      | 525 ||| INVOKING Spit Poison.
   564 | D:1      | 564 ||| INVOKING Spit Poison.
   569 | D:1      | 569 ||| INVOKING Spit Poison.
   578 | D:1      | 578 ||| INVOKING Spit Poison.
   622 | D:1      | 622 ||| INVOKING Spit Poison.
   631 | D:1      | 631 ||| INVOKING Spit Poison.
   668 | D:1      | 668 ||| INVOKING Spit Poison.
   849 | D:1      | 849 ||| INVOKING Spit Poison.
   854 | D:1      | 854 ||| INVOKING Spit Poison.
   922 | D:1      | 922 ||| UPGRADING to +0 barding.
   966 | D:2      | 966 ||| INVOKING Spit Poison.
  1032 | D:2      | 1032 ||| INVOKING Spit Poison.
  1037 | D:2      | 1037 ||| INVOKING Spit Poison.
  1051 | D:2      | 1051 ||| INVOKING Spit Poison.
  1053 | D:2      | Found a shimmering altar of Xom.
  1078 | D:2      | 1078 ||| INVOKING Spit Poison.
  1103 | D:2      | 1103 ||| INVOKING Spit Poison.
  1146 | D:2      | 1146 ||| INVOKING Spit Poison.
  1149 | D:2      | Reached skill level 5 in Ranged Weapons
  1149 | D:2      | Reached XP level 4. HP: 39/39 MP: 4/4
  1155 | D:2      | 1155 ||| INVOKING Spit Poison.
  1175 | D:2      | Found Pel Puzo's Magic Scroll Boutique.
  1178 | D:2      | 1178 ||| SHOPLISTING scroll of acquirement (728 gold, have
                  | 67).
  1178 | D:2      | 1178 ||| BUYING scroll of teleportation (42 gold).
  1178 | D:2      | Bought a scroll of teleportation for 42 gold pieces
  1225 | D:2      | 1225 ||| INVOKING Spit Poison.
  1273 | D:2      | 1273 ||| INVOKING Spit Poison.
  1282 | D:2      | 1282 ||| INVOKING Spit Poison.
  1298 | D:2      | 1298 ||| INVOKING Spit Poison.
  1340 | D:2      | 1340 ||| INVOKING Spit Poison.
  1379 | D:2      | 1379 ||| UPGRADING to +0 leather armour of fire resistance.
  1389 | D:2      | 1389 ||| DROPPING +0 leather armour.
  1390 | D:2      | 1390 ||| UPGRADING to +0 helmet.
  1395 | D:2      | 1395 ||| READING scroll labelled YCADDUFUYL.
  1396 | D:2      | 1396 ||| READING scroll labelled MAREKU JAWKODE.
  1397 | D:2      | 1397 ||| READING scroll labelled CIOGHA VORAMI.
  1398 | D:2      | 1398 ||| DRINKING 2 fizzy ruby potions.
  1492 | D:3      | 1492 ||| INVOKING Spit Poison.
  1495 | D:3      | 1495 ||| INVOKING Spit Poison.
  1515 | D:3      | Reached skill level 1 in Armour
  1692 | D:3      | 1692 ||| INVOKING Spit Poison.
  1708 | D:3      | 1708 ||| INVOKING Spit Poison.
  1712 | D:3      | Reached XP level 5. HP: 46/46 MP: 5/5
  1881 | D:3      | 1881 ||| INVOKING Spit Poison.
  1891 | D:3      | 1891 ||| UPGRADING to +4 ring of protection.
  1892 | D:3      | 1892 ||| UPGRADING to ring of willpower.
  1894 | D:3      | 1894 ||| DRINKING 2 metallic cyan potions.
  1895 | D:3      | 1895 ||| DROPPING potion of attraction.
  1944 | D:4      | 1944 ||| INVOKING Spit Poison.
  1948 | D:4      | 1948 ||| INVOKING Spit Poison.
  1949 | D:4      | 1949 ||| Stepping ~*~*~tactically~*~*~ (outnumbered).
  1951 | D:4      | 1951 ||| INVOKING Spit Poison.
  1957 | D:4      | 1957 ||| INVOKING Spit Poison.
  1962 | D:4      | 1962 ||| INVOKING Spit Poison.
  1963 | D:4      | Reached skill level 3 in Fighting
  1974 | D:4      | Found a bloodstained altar of Trog.
  2100 | D:4      | 2100 ||| INVOKING Spit Poison.
  2111 | D:4      | 2111 ||| INVOKING Spit Poison.
  2149 | D:4      | 2149 ||| INVOKING Spit Poison.
  2156 | D:4      | 2156 ||| INVOKING Spit Poison.
  2160 | D:4      | 2160 ||| INVOKING Spit Poison.
  2167 | D:4      | 2167 ||| INVOKING Spit Poison.
  2235 | D:4      | Identified the +5 short sword of Pixkoas {venom, rElec rN+
                  | Int-5 Dex+4}
  2244 | D:4      | 2244 ||| INVOKING Spit Poison.
  2365 | D:4      | Reached XP level 6. HP: 56/56 MP: 6/6
  2539 | D:4      | 2539 ||| INVOKING Spit Poison.
  2553 | D:4      | 2553 ||| INVOKING Spit Poison.
  2556 | D:4      | 2556 ||| Stepping ~*~*~tactically~*~*~ (outnumbered).
  2559 | D:4      | 2559 ||| INVOKING Spit Poison.
  2562 | D:4      | 2562 ||| INVOKING Spit Poison.
  2565 | D:4      | 2565 ||| INVOKING Spit Poison.
  2570 | D:4      | 2570 ||| INVOKING Spit Poison.
  2690 | D:4      | 2690 ||| DROPPING ring of resist corrosion.
  2691 | D:4      | 2691 ||| DRINKING 2 orange potions.
  2692 | D:4      | 2692 ||| DRINKING 2 viscous purple potions.
  2693 | D:4      | 2693 ||| READING 3 scrolls of identify.
  2693 | D:4      | 2693 ||| IDENTIFYING pink potion
  2694 | D:4      | 2694 ||| READING 2 scrolls of identify.
  2694 | D:4      | 2694 ||| IDENTIFYING bubbling golden potion
  2721 | D:5      | Entered Level 5 of the Dungeon
  2757 | D:5      | 2757 ||| INVOKING Spit Poison.
  2762 | D:5      | 2762 ||| INVOKING Spit Poison.
  2765 | D:5      | Reached skill level 6 in Ranged Weapons
  2767 | D:5      | 2767 ||| INVOKING Spit Poison.
  2796 | D:5      | 2796 ||| INVOKING Spit Poison.
  2837 | D:5      | Noticed a water moccasin
  2858 | D:5      | Killed a water moccasin
  2859 | D:5      | Reached XP level 7. HP: 49/66 MP: 7/7
  2921 | D:5      | 2921 ||| INVOKING Spit Poison.
  3025 | D:5      | 3025 ||| INVOKING Spit Poison.
  3030 | D:5      | 3030 ||| INVOKING Spit Poison.
  3033 | D:5      | 3033 ||| INVOKING Spit Poison.
  3039 | D:5      | 3039 ||| INVOKING Spit Poison.
  3054 | D:5      | 3054 ||| INVOKING Spit Poison.
  3061 | D:5      | 3061 ||| INVOKING Spit Poison.
  3115 | D:5      | 3115 ||| INVOKING Spit Poison.
  3118 | D:5      | 3118 ||| INVOKING Spit Poison.
  3185 | D:5      | 3185 ||| INVOKING Spit Poison.
  3197 | D:5      | 3197 ||| INVOKING Spit Poison.
  3240 | D:5      | 3240 ||| INVOKING Spit Poison.
  3243 | D:5      | 3243 ||| INVOKING Spit Poison.
  3292 | D:5      | 3292 ||| SWAPPING to +0 orcbow.
  3293 | D:5      | 3293 ||| DROPPING +0 shortbow.
  3438 | D:5      | 3438 ||| INVOKING Spit Poison.
  3444 | D:5      | 3444 ||| INVOKING Spit Poison.
  3446 | D:5      | Reached skill level 7 in Ranged Weapons
  3528 | D:5      | 3528 ||| READING 3 scrolls labelled XUDEITTEIL.
  3529 | D:5      | 3529 ||| READING scroll labelled GOHURPH ZUAGAI.
  3530 | D:5      | 3530 ||| READING 2 scrolls of identify.
  3530 | D:5      | 3530 ||| IDENTIFYING cyan potion
  3531 | D:5      | 3531 ||| DROPPING potion of enlightenment.
  3532 | D:5      | 3532 ||| DROPPING 2 scrolls of blinking.
  3550 | D:6      | 3550 ||| PLANNING OSSUARY
  3555 | D:6      | 3555 ||| STAIRDANCE
  3623 | D:6      | Found a staircase to the Ecumenical Temple.
  3627 | D:6      | Reached XP level 8. HP: 73/73 MP: 8/8
  3657 | D:6      | 3657 ||| INVOKING Spit Poison.
  3687 | D:6      | Reached skill level 8 in Ranged Weapons
  3827 | D:6      | Found a sand-covered staircase.
  3829 | D:6      | 3829 ||| READING 2 scrolls labelled NINYOKUCUPN.
  3830 | D:6      | 3830 ||| READING 2 scrolls of identify.
  3830 | D:6      | 3830 ||| IDENTIFYING viscous cyan potion
  3831 | D:6      | 3831 ||| DROPPING scroll of poison.
  3832 | D:6      | 3832 ||| DROPPING potion of berserk rage.
  3843 | Ossuary  | Entered an ossuary
  3872 | Ossuary  | HP: 18/74 [human zombie (3)]
  3873 | Ossuary  | 3873 ||| READING 4 scrolls of teleportation.
  3874 | Ossuary  | 3874 ||| DRINKING 2 potions of heal wounds.
  3881 | Ossuary  | HP: 16/74 [elf zombie (3)]
  3882 | Ossuary  | 3882 ||| READING 3 scrolls of teleportation.
  3883 | Ossuary  | 3883 ||| DRINKING potion of heal wounds.
  3887 | Ossuary  | 3887 ||| FLEEEEING.
  3917 | Ossuary  | HP: 16/74 [elf zombie (5)]
  3918 | Ossuary  | 3918 ||| READING 2 scrolls of teleportation.
  4258 | Ossuary  | 4258 ||| READING 2 scrolls labelled VUYWU VUEMEMY.
  4259 | Ossuary  | 4259 ||| READING scroll labelled GUUPNO DUMEO.
  4260 | Ossuary  | 4260 ||| DRINKING 2 amethyst potions.
  4261 | Ossuary  | 4261 ||| DRINKING 2 viscous golden potions.
  4276 | Ossuary  | 4276 ||| DRINKING 2 puce potions.
  4277 | Ossuary  | 4277 ||| READING 2 scrolls of identify.
  4277 | Ossuary  | 4277 ||| IDENTIFYING fizzy blue potion
  4278 | Ossuary  | 4278 ||| DROPPING potion of lignification.
  4279 | Ossuary  | 4279 ||| DROPPING potion of invisibility.
  4280 | Ossuary  | 4280 ||| DROPPING potion of brilliance.
  4281 | Ossuary  | 4281 ||| DROPPING scroll of fear.
  4291 | D:6      | 4291 ||| PLANNING TEMPLE
  4336 | Temple   | Entered the Ecumenical Temple
  4526 | Temple   | 4526 ||| PLANNING D:1-11
  4569 | D:6      | 4569 ||| INVOKING Spit Poison.
  4611 | D:6      | Reached skill level 9 in Ranged Weapons
  4670 | D:6      | 4670 ||| INVOKING Spit Poison.
  4670 | D:6      | Noticed a hornet
  4675 | D:6      | 4675 ||| INVOKING Spit Poison.
  4680 | D:6      | 4680 ||| INVOKING Spit Poison.
  4683 | D:6      | 4683 ||| INVOKING Spit Poison.
  4684 | D:6      | Killed a hornet
  4685 | D:6      | Reached skill level 3 in Armour
  4685 | D:6      | Reached XP level 9. HP: 61/81 MP: 9/9
  4767 | D:6      | 4767 ||| INVOKING Spit Poison.
  4772 | D:6      | Reached skill level 3 in Dodging
  4773 | D:6      | 4773 ||| INVOKING Spit Poison.
  4776 | D:6      | Noticed Sigmund
  4779 | D:6      | 4779 ||| INVOKING Spit Poison.
  4784 | D:6      | 4784 ||| INVOKING Spit Poison.
  4785 | D:6      | Killed Sigmund
  4786 | D:6      | Reached skill level 6 in Fighting
  4786 | D:6      | Noticed Grinder
  4808 | D:6      | 4808 ||| INVOKING Spit Poison.
  4812 | D:6      | HP: 20/82 [wight/+2 scimitar (15)]
  4813 | D:6      | 4813 ||| READING 2 scrolls of teleportation.
  5079 | D:6      | Killed Grinder
  5106 | D:6      | Found an ancient bone altar of Kikubaaqudgha.
  5226 | D:6      | 5226 ||| INVOKING Spit Poison.
  5231 | D:6      | 5231 ||| INVOKING Spit Poison.
  5237 | D:6      | Reached skill level 10 in Ranged Weapons
  5466 | D:6      | 5466 ||| DRINKING 2 fizzy dark potions.
  5467 | D:6      | 5467 ||| DRINKING 3 potions of curing.
  5467 | D:6      | 5467 ||| (to cure confusion)
  5468 | D:6      | 5468 ||| READING 2 scrolls of identify.
  5468 | D:6      | 5468 ||| IDENTIFYING brown potion
  5469 | D:6      | 5469 ||| DROPPING potion of ambrosia.
  5470 | D:6      | 5470 ||| DROPPING potion of degeneration.
  5522 | D:7      | 5522 ||| INVOKING Spit Poison.
  5525 | D:7      | 5525 ||| INVOKING Spit Poison.
  5549 | D:7      | 5549 ||| INVOKING Spit Poison.
  5565 | D:7      | 5565 ||| INVOKING Spit Poison.
  5628 | D:7      | 5628 ||| INVOKING Spit Poison.
  5772 | D:7      | 5772 ||| INVOKING Spit Poison.
  5775 | D:7      | 5775 ||| INVOKING Spit Poison.
  5791 | D:7      | Noticed Grum
  5792 | D:7      | Noticed qw's ghost (novice GrFi)
  5810 | D:7      | 5810 ||| INVOKING Spit Poison.
  5815 | D:7      | 5815 ||| INVOKING Spit Poison.
  5894 | D:7      | Found a transporter.
  5919 | D:7      | Found a transporter.
  5925 | D:7      | Identified the amulet of Ignis's Scorn {RegenMP rN+ Str+4
                  | Stlth+}
  5926 | D:7      | Identified the +0 buckler of Context {Harm Drain rPois
                  | Stlth+}
  6178 | D:7      | 6178 ||| INVOKING Spit Poison.
  6184 | D:7      | 6184 ||| INVOKING Spit Poison.
  6188 | D:7      | 6188 ||| INVOKING Spit Poison.
  6194 | D:7      | 6194 ||| INVOKING Spit Poison.
  6199 | D:7      | 6199 ||| INVOKING Spit Poison.
  6205 | D:7      | 6205 ||| INVOKING Spit Poison.
  6206 | D:7      | Reached XP level 10. HP: 53/94 MP: 10/10
  6208 | D:7      | 6208 ||| INVOKING Spit Poison.
  6215 | D:7      | 6215 ||| INVOKING Spit Poison.
  6431 | D:7      | 6431 ||| INVOKING Spit Poison.
  6435 | D:7      | 6435 ||| INVOKING Spit Poison.
  6442 | D:7      | 6442 ||| INVOKING Spit Poison.
  6448 | D:7      | 6448 ||| INVOKING Spit Poison.
  6454 | D:7      | 6454 ||| INVOKING Spit Poison.
  6538 | D:7      | 6538 ||| INVOKING Spit Poison.
  6642 | D:7      | Found a sparkling altar of Nemelex Xobeh.
  6646 | D:7      | 6646 ||| INVOKING Spit Poison.
  6725 | D:7      | 6725 ||| READING 2 scrolls of identify.
  6725 | D:7      | 6725 ||| IDENTIFYING white potion
  6816 | D:8      | 6816 ||| INVOKING Spit Poison.
  6821 | D:8      | 6821 ||| INVOKING Spit Poison.
  6825 | D:8      | 6825 ||| INVOKING Spit Poison.
  6829 | D:8      | 6829 ||| INVOKING Spit Poison.
  6832 | D:8      | 6832 ||| INVOKING Spit Poison.
  6960 | D:8      | 6960 ||| INVOKING Spit Poison.
  6965 | D:8      | 6965 ||| INVOKING Spit Poison.
  6968 | D:8      | 6968 ||| INVOKING Spit Poison.
  6974 | D:8      | 6974 ||| INVOKING Spit Poison.
  6978 | D:8      | 6978 ||| INVOKING Spit Poison.
  6984 | D:8      | Reached skill level 11 in Ranged Weapons
  6985 | D:8      | 6985 ||| INVOKING Spit Poison.
  6986 | D:8      | HP: 23/94 [killer bee (4)]
  6987 | D:8      | 6987 ||| READING 4 scrolls of teleportation.
  6988 | D:8      | 6988 ||| DRINKING 2 potions of heal wounds.
  6989 | D:8      | 6989 ||| INVOKING Spit Poison.
  7104 | D:8      | 7104 ||| INVOKING Spit Poison.
  7184 | D:8      | 7184 ||| INVOKING Spit Poison.
  7345 | D:8      | 7345 ||| INVOKING Spit Poison.
  7350 | D:8      | 7350 ||| INVOKING Spit Poison.
  7358 | D:8      | 7358 ||| INVOKING Spit Poison.
  7391 | D:8      | 7391 ||| INVOKING Spit Poison.
  7868 | D:8      | 7868 ||| READING scroll labelled XUM FONEORYONI.
  7944 | D:9      | Found a transporter.
  7946 | D:9      | Found a transporter.
  7955 | D:9      | 7955 ||| INVOKING Spit Poison.
  7960 | D:9      | 7960 ||| INVOKING Spit Poison.
  7997 | D:9      | 7997 ||| INVOKING Spit Poison.
  8009 | D:9      | 8009 ||| INVOKING Spit Poison.
  8012 | D:9      | 8012 ||| INVOKING Spit Poison.
  8016 | D:9      | 8016 ||| INVOKING Spit Poison.
  8023 | D:9      | 8023 ||| INVOKING Spit Poison.
  8026 | D:9      | 8026 ||| INVOKING Spit Poison.
  8030 | D:9      | 8030 ||| INVOKING Spit Poison.
  8234 | D:9      | 8234 ||| INVOKING Spit Poison.
  8238 | D:9      | 8238 ||| INVOKING Spit Poison.
  8239 | D:9      | 8239 ||| INVOKING Spit Poison.
  8246 | D:9      | 8246 ||| INVOKING Spit Poison.
  8250 | D:9      | 8250 ||| INVOKING Spit Poison.
  8263 | D:9      | Found a staircase to the Lair.
  8264 | D:9      | 8264 ||| INVOKING Spit Poison.
  8269 | D:9      | 8269 ||| INVOKING Spit Poison.
  8390 | D:9      | Found a transporter.
  8397 | D:9      | Found a transporter.
  8398 | D:9      | 8398 ||| INVOKING Spit Poison.
  8404 | D:9      | 8404 ||| Stepping ~*~*~tactically~*~*~ (outnumbered).
  8405 | D:9      | 8405 ||| INVOKING Spit Poison.
  8409 | D:9      | 8409 ||| INVOKING Spit Poison.
  8412 | D:9      | 8412 ||| INVOKING Spit Poison.
  8418 | D:9      | 8418 ||| INVOKING Spit Poison.
  8421 | D:9      | 8421 ||| INVOKING Spit Poison.
  8425 | D:9      | 8425 ||| INVOKING Spit Poison.
  8431 | D:9      | HP: 19/96 [yak (7)]
  8432 | D:9      | 8432 ||| READING 4 scrolls of teleportation.
  8432 | D:9      | HP: 1/96 [yak (10)]
  8433 | D:9      | 8433 ||| DRINKING potion of heal wounds.
  8434 | D:9      | 8434 ||| INVOKING Spit Poison.
  8435 | D:9      | Slain by a kobold

Levels and vault maps discovered:
D:1:      tarquinn_simple_flora_water_b, layout_loops_cross,
          basic_ecumenical_altar
D:2:      layout_loops_cross, serial_shops, nicolae_shop_rolled_up, basic_altar
D:3:      layout_rooms
D:4:      layout_basic, lemuel_crystal_altar, st_stairs_11,
          kennysheep_decorative_pillar
D:5:      layout_loops_cross
D:6:      layout_loops_ring, tgw_kikubaaqudgha, minmay_temple_entry_large_hall,
          enter_ossuary_3, uniq_sigmund, uniq_grinder
D:7:      layout_loops_corners, nemelex_dance_club_becter,
          gammafunk_ghost_gnarly_gnolls, enter_bailey_8
D:8:      layout_basic
D:9:      layout_stronghold, mainiacjoe_overflow_alcove_4,
          grunt_lair_entry_orc_guard_hut, serial_nicolae_subway,
          nicolae_sub_station_stone, nicolae_sub_station_crystal,
          nicolae_sub_station_metal
Temple:   eino_temple_scatter_basement

Skill      XL: |  1  2  3  4  5  6  7  8  9 10 |
---------------+-------------------------------+-----
Ranged Weapons | 4 5 6 7 9 10 11 | 11.8
Armour         | 1 3 |  3.3
Fighting       | 3 4 5 7 8 |  8.0
Dodging        | 2 3 4 |  4.0
Stealth        | |  1.5

Action                     |  1- 3 |  4- 6 |  7- 9 | 10-12 || total
---------------------------+-------+-------+-------+-------++-------
   Fire: Shortbow          |    63 |   116 |    38 |       ||   217
         Orcbow            |       |       |   294 |   180 ||   474
Ability: Spit Poison       |    36 |    33 |    43 |    50 ||   162
    Use: Scroll            |     1 |     5 |    13 |     4 ||    23
         Potion            |       |     4 |     7 |     2 ||    13
 Armour: Leather armour    |     3 |    51 |   311 |   133 ||   498
  Dodge: Dodged            |    11 |    19 |   209 |   131 ||   370

Table legend:
 A = Non-vault XP
 B = Vault XP
 C = Vault XP percentage of total XP
 D = Non-vault monster count
 E = Vault monster count
 F = Vault count percentage of total count
                 A         B        C        D         E       F
            +---------+---------+-------+---------+---------+-------
      Total |    6826 |    1564 |  18.6 |     167 |      31 |  15.7
            +---------+---------+-------+---------+---------+-------
        D:1 |      49 |       0 |   0.0 |      31 |       0 |   0.0
        D:2 |      56 |       0 |   0.0 |      17 |       0 |   0.0
        D:3 |      71 |       0 |   0.0 |      10 |       0 |   0.0
        D:4 |     198 |      31 |  13.5 |      19 |       4 |  17.4
        D:5 |     748 |       0 |   0.0 |      17 |       0 |   0.0
        D:6 |    1712 |     513 |  23.1 |      22 |       4 |  15.4
        D:7 |    1281 |     123 |   8.8 |      21 |       2 |   8.7
        D:8 |     900 |       0 |   0.0 |      16 |       0 |   0.0
        D:9 |    1811 |     536 |  22.8 |      14 |       5 |  26.3
    Ossuary |       0 |     361 | 100.0 |       0 |      16 | 100.0
            +---------+---------+-------+---------+---------+-------
